 Dungeon Crawl Stone Soup version 0.30-a0-292-g0f741e3f8e (webtiles) character file.

Game seed: 1846214399270145109

690 mopl the Magician (level 7, -4/41 HPs)
             Began as an Octopode Hedge Wizard on Oct 17, 2022.
             Slain by a centaur (6 damage)
             ... on level 6 of the Dungeon.
             The game lasted 00:08:36 (3973 turns).

mopl the Magician (Octopode Hedge Wizard)           Turns: 3973, Time: 00:08:37

Health: -4/41      AC:  1    Str: 10    XL:     7   Next: 63%
Magic:  13/15      EV: 13    Int: 18    God:
Gold:   317        SH:  0    Dex: 11    Spells: 9/17 levels left

rFire   . . .      SeeInvis +    a - +2 dagger (venom)
rCold   . . .      Faith    .    (no shield)
rNeg    . . .      Spirit   .    b - +0 hat
rPois   .          Reflect  .    (no amulet)
rElec   .          Harm     .    d - ring of flight
rCorr   .          Rampage  .    u - ring of see invisible
Will    .....                    (no ring)
Stlth   +++.......               (no ring)
HPRegen 0.26/turn                (no ring)
MPRegen 0.14/turn                (no ring)
                                 (no ring)
                                 (no ring)

@: about to teleport, flying
A: almost no armour, amphibious, 8 rings, camouflage 1, gelatinous body 1,
(nimble swimmer 1), tentacles
a: no special abilities


You were on level 6 of the Dungeon.
You visited 1 branch of the dungeon, and saw 6 of its levels.

You collected 317 gold pieces.

Inventory:

Hand Weapons
 a - a +2 dagger of venom (weapon)
Missiles
 l - 5 boomerangs
 n - 3 poisoned darts
 w - 2 javelins
Armour
 b - a +0 hat (worn)
Jewellery
 d - a ring of flight (left tentacle)
 u - a ring of see invisible (right tentacle)
Scrolls
 j - 2 scrolls of blinking {unknown}
 m - a scroll of magic mapping {unknown}
 o - 3 scrolls of amnesia {unknown}
 p - 2 scrolls of vulnerability {unknown}
 q - 3 scrolls of teleportation
 s - 2 scrolls of immolation {unknown}
 t - a scroll of noise {unknown}
 x - a scroll of fog {unknown}
Potions
 c - a potion of magic
 e - a potion of resistance
 f - a potion of haste
 g - 2 potions of brilliance {unknown}
 h - a potion of flight
 i - a potion of invisibility
 k - 3 potions of degeneration {unknown}
 r - 6 potions of curing {unknown}


   Skills:
 - Level 2.0 Dodging
 - Level 2.6 Stealth
 + Level 5.6 Spellcasting
 + Level 5.2 Conjurations
 - Level 1.0 Summonings
 + Level 1.9 Translocations
 - Level 3.0 Poison Magic


You had 9 spell levels left.
You knew the following spells:

 Your Spells              Type           Power      Damage    Failure   Level
a - Magic Dart            Conj           92%        1d7       1%          1
b - Call Imp              Summ           8%         N/A       12%         2
c - Mephitic Cloud        Conj/Pois/Air  14%        N/A       12%         3
e - Blink                 Tloc           22%        N/A       9%          2

Your spell library contained the following spells:

 Spells                   Type           Power      Damage    Failure   Level
 Slow                     Hex            20%        N/A       12%         1
 Cigotuvi's Dreadful Rot  Necr/Pois/Air  16%        N/A       12%         2
 Confusing Touch          Hex            5%         N/A       36%         3
 Vampiric Draining        Necr           5%         2d6       36%         3


Dungeon Overview and Level Annotations

Branches:
Dungeon (6/15)
 Temple: D:4-7

Altars:
Gozag
Yredelemnul

Shops:
D:4 (

Annotations:
D:5 exclusion: scorpion, Eustachio, Prince Ribbit


Innate Abilities, Weirdness & Mutations

You cannot wear most types of armour.
You are amphibious.
You can wear up to eight rings at the same time.
Your skin changes colour to match your surroundings (Stealth+).
Your rubbery body absorbs attacks. (AC +1, EV +1)
((You are camouflaged when in or above water. (Stealth+)))
You have tentacles for arms and can constrict up to eight enemies at once.


Message History

You hit the shadow imp but do no damage.
You squeeze the shadow imp.
The shadow imp is almost dead.
You constrict the shadow imp.
You kill the shadow imp!
No target in view!
You see here an iguana corpse.
You now have 317 gold pieces (gained 12).
A centaur comes into view.
The centaur shouts!
The centaur wields a +0 shortbow.
The centaur shoots an arrow.
The arrow closely misses you.
The centaur shoots an arrow.
The arrow hits you!
An ice beast comes into view.
The centaur shoots an arrow.
The arrow closely misses you.
The centaur shoots an arrow.
The arrow barely misses you.
The centaur shoots an arrow.
The arrow closely misses you.
You hear a shout!
An orc comes into view.
It is wielding a +0 trident and carrying a wand of iceblast (12).
The centaur unwields a +0 shortbow.
The centaur misses you. The centaur kicks you.
You barely miss the centaur. The centaur hits you. The centaur kicks you.
You barely miss the centaur. You squeeze the centaur.
The centaur is moderately wounded.
The centaur hits you. The centaur barely misses you. The centaur hits you.
The centaur kicks you but does no damage.
As you read the scroll labelled HUWULUPYPH, it crumbles to dust.
You feel strangely unstable.
It was a scroll of teleportation.
The centaur hits you.
* * * LOW HITPOINT WARNING * * *
The centaur kicks you.
* * * LOW HITPOINT WARNING * * *
Casting: Magic Dart (safe; 1% risk of failure)
Confirm with . or Enter, or press ? or * to list all spells.
A beastly little devil appears in a puff of flame.
The centaur hits you.
* * * LOW HITPOINT WARNING * * *
The centaur kicks you.
* * * LOW HITPOINT WARNING * * *
The centaur hits you.
You die...

#..........†..^#
#.##########...# #.#
####...... #.#
##.........
##.###...........
#######...##.#....#...#
.......................
.######............##.##
.......@#.....##.#. #.#
.######c#....#....# ...
#Y5#..#..... ##.##
#o..###..... #.# #....
#.... ..# #....# .. ##
#...#. #.##...


You could see an ice beast, a centaur (ally target), an orc and a friendly
crimson imp (summoned).

Vanquished Creatures
  Menkaure (D:6)
  An ogre (D:5)
  A phantom (D:4)
  A scorpion (D:4)
  A jelly (D:5)
  An orc priest (D:5)
  An iguana (D:6)
  An orc wizard (D:5)
  9 adders
  2 shadow imps
  A white imp (D:5)
  A worm (D:3)
  7 orcs
  2 bats
  7 endoplasms
  2 giant cockroaches
  12 goblins
  2 hobgoblins
  A kobold (D:4)
  3 quokkas
  7 ball pythons
  3 rats
67 creatures vanquished.

Vanquished Creatures (collateral kills)
  A scorpion (D:4)
  An adder (D:4)
2 creatures vanquished.

Vanquished Creatures (others)
  18 plants (D:4)
18 creatures vanquished.

Grand Total: 87 creatures vanquished

Notes
Turn   | Place    | Note
-------+----------+-------------------------------------------
     0 | D:1      | mopl the Octopode Hedge Wizard began the quest for the Orb.
     0 | D:1      | Reached XP level 1. HP: 11/11 MP: 4/4
   433 | D:1      | Reached XP level 2. HP: 17/17 MP: 0/6
   809 | D:1      | Learned a level 2 spell: Blink
   812 | D:1      | Learned a level 2 spell: Call Imp
   868 | D:2      | Found a faded altar of an unknown god.
   996 | D:2      | Reached skill level 2 in Conjurations
   996 | D:2      | Reached XP level 3. HP: 21/21 MP: 6/8
  1466 | D:3      | You are sucked into a shaft and drop 3 floors!
  1524 | D:6      | Noticed Menkaure
  1534 | D:5      | Entered Level 5 of the Dungeon
  1580 | D:5      | Reached skill level 4 in Spellcasting
  1580 | D:5      | Reached XP level 4. HP: 27/27 MP: 2/10
  1635 | D:5      | Reached skill level 3 in Conjurations
  1713 | D:5      | Learned a level 3 spell: Mephitic Cloud
  1807 | D:5      | Noticed a scorpion
  1908 | D:4      | Found Oraryuss's Antique Weapon Boutique.
  1918 | D:4      | Noticed a phantom
  1980 | D:4      | Killed a phantom
  1981 | D:4      | Reached skill level 1 in Poison Magic
  1981 | D:4      | Reached XP level 5. HP: 3/31 MP: 0/11
  2110 | D:4      | Reached skill level 2 in Poison Magic
  2110 | D:4      | Reached XP level 6. HP: 36/36 MP: 10/12
  2165 | D:3      | Found a basalt altar of Yredelemnul.
  2948 | D:4      | Reached skill level 4 in Conjurations
  2948 | D:4      | Reached skill level 3 in Poison Magic
  3318 | D:5      | Reached skill level 5 in Spellcasting
  3339 | D:5      | Reached XP level 7. HP: 33/41 MP: 8/14
  3352 | D:5      | Found an opulent altar of Gozag.
  3474 | D:5      | Noticed Prince Ribbit
  3646 | D:5      | Noticed Eustachio
  3812 | D:6      | Killed Menkaure
  3813 | D:6      | Reached skill level 5 in Conjurations
  3973 | D:6      | HP: 2/41 [centaur (1)]
  3973 | D:6      | Slain by a centaur

Illustrated notes

Levels and vault maps discovered:
D:1:      reono_arrival_mine, layout_basic, serial_forest,
          infiniplex_forest_end_double, infiniplex_forest_clump_diagonal,
          infiniplex_forest_end_3, infiniplex_forest_diagonal,
          infiniplex_forest_3_way, infiniplex_forest_lined_4_way,
          infiniplex_forest_lined_4_way, chequers_serial_rivers_micro_b
D:2:      layout_basic, ebering_ecumenical_altar_box,
          chequers_serial_rivers_micro_e
D:3:      layout_basic, mainiacjoe_overflow_surrounded_room, fountainhead
D:4:      layout_basic, serial_shops, nicolae_shop_advertising_works
          [nicolae_subvault_shop_adworks], kennysheep_boxes
D:5:      minmay_spotlight, layout_gridville, grunt_gozag_statues,
          uniq_eustachio, uniq_blork_the_orc, uniq_prince_ribbit1
D:6:      layout_loops_ring, nicolae_zen_rock_garden,
          dreamdust_princess_corridor, minmay_misc_feat_chi, uniq_grinder,
          uniq_menkaure

Skill      XL: |  1  2  3  4  5  6  7 |
---------------+----------------------+-----
Conjurations   | 2 3 4 5 |  5.2
Spellcasting   | 4 5 |  5.6
Poison Magic   | 1 2 3 |  3.0
Dodging        | |  2.0
Stealth        | |  2.6
Summonings     | |  1.0
Translocations | |  1.9

Action                   |  1- 3 |  4- 6 |  7- 9 || total
-------------------------+-------+-------+-------++-------
Melee: Dagger            |    40 |    54 |    21 ||   115
       Constrict         |     9 |    12 |     4 ||    25
       Tentacles         |     6 |    15 |     3 ||    24
Throw: Boomerang         |       |     2 |       ||     2
 Cast: Magic Dart        |    41 |    65 |    24 ||   130
       Call Imp          |       |     2 |     3 ||     5
       Blink             |       |       |     2 ||     2
  Use: Scroll            |       |       |     6 ||     6
       Potion            |       |       |     2 ||     2
 Stab: Sleeping          |     2 |       |       ||     2
Armor: Skin              |     2 |     2 |     1 ||     5
Dodge: Dodged            |    29 |    32 |    19 ||    80

Table legend: (Time is in decaauts)
 A = Elapsed time spent in this place.
 B = Non-inter-level travel time spent in this place.
 C = Inter-level travel time spent in this place.
 D = Time resting spent in this place.
 E = Time spent auto-exploring this place.
 F = Levels seen in this place.
 G = Mean time per level.
                   A        B        C        D        E       F      G
               +--------+--------+--------+--------+--------+-----+--------+
         Total |   3987 |   3787 |    200 |    332 |   2780 |   6 |  664.5 |
       Dungeon |   3987 |   3787 |    200 |    332 |   2780 |   6 |  664.5 |
               +--------+--------+--------+--------+--------+-----+--------+

Top non-repeatable levels by time:
     D:3: 866 daAuts
     D:5: 831 daAuts
     D:1: 823 daAuts
     D:4: 750 daAuts
     D:2: 461 daAuts
     D:6: 254 daAuts
